 Dungeon Crawl Stone Soup version 0.28.0-43-g3370ac3207 (webtiles) character file.

Game seed: 14959415978679252524

7728 Peloso the Carver (level 11, -3/97 HPs)
             Began as a Minotaur Fighter on Mar 17, 2022.
             Was an Elder of Okawaru.
             Slain by a minotaur
             ... wielding a +2 trident of freezing
              (27 damage)
             ... in a Gauntlet.
             The game lasted 00:20:24 (10616 turns).

Peloso the Carver (Minotaur Fighter)               Turns: 10616, Time: 00:20:25

Health: -3/97      AC: 16    Str: 22    XL:     11   Next: 0%
Magic:  9/10       EV: 14    Int:  5    God:    Okawaru [****..]
Gold:   317        SH:  8    Dex: 13    Spells: 10/10 levels left

rFire   . . .      SeeInvis .   a - +1 falchion (holy)
rCold   + . .      Faith    .   c - +1 buckler
rNeg    + . .      Spirit   .   C - +4 scale mail "Hewastro" {Rampage Slay+5}
rPois   .          Reflect  .   (helmet restricted)
rElec   .          Harm     .   (no cloak)
rCorr   .          Rampage  +   L - +1 pair of gloves {Stlth+}
Will    ++++.      Clarity  +   (no boots)
Stlth   +++....... NoTele   +   q - amulet of the Four Winds {rN+ Will+++ Clar}
HPRegen 0.26/turn               j - ring of willpower
MPRegen 0.12/turn               k - ring of protection from cold

@: mighty, heroic
A: horns 2, retaliatory headbutt
a: Renounce Religion, Heroism, Finesse


You were in a Gauntlet.
You worshipped Okawaru.
Okawaru was greatly pleased with you.
You visited 2 branches of the dungeon, and saw 12 of its levels.
You also visited: Ossuary and Gauntlet.

You collected 614 gold pieces.
You spent 297 gold pieces at shops.

Inventory:

Hand Weapons
 a - a +1 falchion of holy wrath (weapon)
 b - a +2 short sword of flaming
Armour
 c - a +1 buckler (worn)
 C - the +4 scale mail "Hewastro" (worn) {Rampage Slay+5}
   (You bought it in a shop on level 4 of the Dungeon)

   Slay:      It affects your accuracy & damage with ranged weapons and melee
   (+5).
   Rampage:   It bestows one free step when moving towards enemies.
 L - a +1 pair of gloves of stealth (worn)
 M - the +2 chain mail of Gehenna {+Blink rElec rF+}
   (You found it in a Gauntlet)

   rF:        It protects you from fire.
   rElec:     It insulates you from electricity.
   +Blink:    It lets you blink.
Jewellery
 j - a ring of willpower (left hand)
 k - a ring of protection from cold (right hand)
 p - a +4 ring of evasion
 q - the amulet of the Four Winds (around neck) {rN+ Will+++ Clar}
   (You found it in a Gauntlet)

   [amulet of nothing]

   rN:        It protects you from negative energy.
   Clar:      It protects you against confusion.
   Will:      It greatly increases your willpower.
 w - a ring of resist corrosion
Wands
 g - a wand of polymorph (9)
 x - a wand of charming (7)
 A - a wand of digging (7)
 I - a wand of flame (48)
 J - a wand of mindburst (1)
 K - a wand of acid (4)
Scrolls
 e - a scroll of noise
 f - a scroll of teleportation
 h - 2 scrolls of amnesia
 i - a scroll of summoning
 n - 2 scrolls of magic mapping
 o - 3 scrolls of enchant weapon
 s - 2 scrolls of blinking
 u - 2 scrolls of torment
 y - a scroll of fear
 D - a scroll of vulnerability
 F - a scroll of enchant armour
 G - a scroll of brand weapon
Potions
 d - 2 potions of might
 l - a potion of ambrosia {unknown}
 m - 2 potions of cancellation
 r - 3 potions of flight {unknown}
 t - a potion of brilliance {unknown}
 v - a potion of invisibility {unknown}
 z - 7 potions of curing {unknown}
 B - a potion of attraction {unknown}
 H - a potion of magic {unknown}


   Skills:
 + Level 9.2(14.2) Fighting
 + Level 13.1(18.1) Long Blades
 + Level 9.9(14.9) Armour
 + Level 4.9(9.9) Dodging
 + Level 2.2(7.2) Stealth
 + Level 7.6(12.6) Shields
 + Level 0.5 Invocations
 + Level 0.1 Evocations


You had 10 spell levels left.
You didn't know any spells.
Your spell library contained the following spells:

 Spells                   Type           Power      Damage    Failure   Level
 Magic Dart               Conj           0%         1d3       77%         1
 Gell's Gravitas          Tloc           0%         N/A       98%         3
 Ignite Poison            Fire/Tmut/Pois 0%         N/A       98%         3
 Mephitic Cloud           Conj/Pois/Air  0%         N/A       98%         3
 Portal Projectile        Hex/Tloc       0%         N/A       98%         3
 Teleport Other           Tloc           0%         N/A       98%         3
 Blade Hands              Tmut           0%         N/A       100%        5
 Excruciating Wounds      Necr           0%         N/A       100%        5
 Freezing Cloud           Conj/Ice/Air   0%         6-21      100%        5
 Dispersal                Tloc           0%         N/A       100%        6
 Call Imp                 Summ           Unusable   N/A       N/A         2

Dungeon Overview and Level Annotations

Branches:
Dungeon (12/15)            Temple (1/1) D:7         Ossuary (visited)
Gauntlet (1/1)
   Lair: D:8-11         Orc: D:9-12

Altars:
Ashenzari
Cheibriados
Dithmenos
Elyvilon
Gozag
Hepliaklqana
Kikubaaqudgha
Makhleb
Nemelex Xobeh
Okawaru
Qazlal
Ru
Sif Muna
Trog
Uskayaw
Vehumet
Wu Jian
Xom
Yredelemnul
Zin
The Shining One

Shops:
D:1 *=[   D:2 (   D:4 [

Annotations:
Gauntlet 6 transporters, 1 runed translucent door


Innate Abilities, Weirdness & Mutations

You have a pair of horns on your head.
You reflexively headbutt those who attack you in melee.


Message History

You block the minotaur's attack. The minotaur closely misses you.
The minotaur blocks your attack.
You headbutt the minotaur.
The minotaur is moderately wounded.
You hit the minotaur. Your headbutt misses the minotaur.
The minotaur is moderately wounded.
The minotaur hits you with a +2 trident of freezing!!
* * * LOW HITPOINT WARNING * * *
The minotaur freezes you.
* * * LOW HITPOINT WARNING * * *
The minotaur gores you.
* * * LOW HITPOINT WARNING * * *
You feel much better.
The minotaur hits you with a +2 trident of freezing!
* * * LOW HITPOINT WARNING * * *
The minotaur gores you.
* * * LOW HITPOINT WARNING * * *
Unknown command.
You feel much better.
The minotaur hits you with a +2 trident of freezing!
The minotaur freezes you. You block the minotaur's attack.
You feel very mighty all of a sudden. You block the minotaur's attack.
The minotaur gores you but does no damage.
You feel much better. The minotaur closely misses you. You furiously retaliate!
You headbutt the minotaur.
The minotaur gores you but does no damage.
You slash the minotaur! You headbutt the minotaur!!
The minotaur is severely wounded.
You hit the minotaur.
The minotaur is severely wounded.
The minotaur hits you with a +2 trident of freezing!!
* * * LOW HITPOINT WARNING * * *
The minotaur freezes you.
* * * LOW HITPOINT WARNING * * *
You block the minotaur's attack.
You slash the minotaur!
You headbutt the minotaur, but do no damage.
The minotaur is almost dead.
The minotaur hits you with a +2 trident of freezing!!
You die...

...###..≈#
...###..######
+##.##..≈##..########
#©#.©#..###.........#
##'.##..≈##..###.##.##
...###..###.........8#
...###..#....#.#.....#
######..#©...#.#.#####
......∩.#....#..@#
........#....###H'......
######..#©...# ..#8.8[8:
.#..G#..#....#.#.#######
G.#.u#..###..#.#..
..##.#..≈##... ...
.##.!#.§###..###.#
©^#.©#..≈# .. ...
.##^=#..##


You could see a minotaur.

Vanquished Creatures
  A two-headed ogre (D:9)
  A cyclops (D:9)
  Joseph (D:9)
  4 large abominations (Gauntlet)
  Sigmund (D:3)
  A wyvern (D:9)
  3 chaos spawn (Gauntlet)
  A neqoxec (Gauntlet)
  3 water moccasins
  4 orc warriors
  A hornet zombie (D:6)
  An ice beast (D:6)
  2 sky beasts (D:5)
  A centaur (D:9)
  5 kobold brigands
  5 bullfrogs
  A scorpion (D:6)
  10 small abominations (Gauntlet)
  A water moccasin zombie (D:5)
  A water moccasin skeleton (D:5)
  2 bullfrog zombies
  3 centaur zombies
  A centaur skeleton (D:5)
  2 hounds
  2 jellies
  A bullfrog skeleton (D:7)
  3 orc priests
  3 iguanas
  An orc wizard (D:7)
  Natasha (thrice) (D:3)
  2 scorpion zombies (D:5)
  A killer bee zombie (D:8)
  A hound skeleton (D:5)
  9 mummies
  A howler monkey zombie (D:8)
  Robin (D:3)
  7 gnolls
  6 adders
  A white imp (D:5)
  2 worms
  A dart slug (D:5)
  14 orcs
  A bat (D:1)
  5 endoplasms
  5 giant cockroaches
  13 hobgoblins
  4 jackals (D:3)
  4 quokkas
  4 ball pythons
  4 frilled lizards
  A gnoll zombie (Ossuary)
  12 goblins
  4 hobgoblin zombies (Ossuary)
  22 kobolds
  3 orc zombies (Ossuary)
  3 rats
200 creatures vanquished.

Vanquished Creatures (others)
  26 demonic plants (Gauntlet)
26 creatures vanquished.

Grand Total: 226 creatures vanquished

Notes
Turn   | Place    | Note
-------+----------+-------------------------------------------
     0 | D:1      | Peloso the Minotaur Fighter began the quest for the Orb.
     0 | D:1      | Reached XP level 1. HP: 19/19 MP: 0/0
    54 | D:1      | Reached XP level 2. HP: 7/27 MP: 1/1
   605 | D:1      | Found Teuhas's Armour Shop.
   687 | D:1      | Reached XP level 3. HP: 29/33 MP: 2/2
   792 | D:1      | Found Suor's Jewellery Shop.
   800 | D:1      | Found Luits's Assorted Antiques.
   895 | D:1      | Found a faded altar of an unknown god.
  1142 | D:2      | Found Juiseoga's Weapon Shop.
  1276 | D:2      | Reached skill level 3 in Long Blades
  1893 | D:3      | Noticed Natasha
  1899 | D:3      | Killed Natasha
  1900 | D:3      | Reached XP level 4. HP: 27/40 MP: 3/3
  2059 | D:3      | Noticed Sigmund
  2074 | D:3      | Killed Sigmund
  2075 | D:3      | Reached skill level 4 in Long Blades
  2075 | D:3      | Reached skill level 5 in Armour
  2075 | D:3      | Reached XP level 5. HP: 41/47 MP: 4/4
  2224 | D:3      | Noticed Robin
  2239 | D:3      | Killed Robin
  2240 | D:3      | Reached XP level 6. HP: 16/53 MP: 5/5
  2247 | D:3      | HP: 1/53 [hobgoblin/+0 whip (2)]
  2587 | D:3      | Noticed Natasha
  2599 | D:3      | Killed Natasha
  2600 | D:3      | Reached skill level 5 in Long Blades
  2672 | D:3      | Noticed Natasha
  2680 | D:3      | Killed Natasha
  2688 | D:3      | Reached skill level 5 in Shields
  3373 | D:4      | Found Tohejet's Antique Armour Boutique.
  3596 | D:4      | Found a burning altar of Makhleb.
  3596 | D:4      | Found a glowing golden altar of the Shining One.
  3633 | D:5      | Entered Level 5 of the Dungeon
  3688 | D:5      | Reached skill level 1 in Dodging
  3749 | D:5      | Found a glowing silver altar of Zin.
  4016 | D:5      | Reached skill level 6 in Long Blades
  4016 | D:5      | Reached XP level 7. HP: 56/60 MP: 6/6
  4203 | D:5      | Reached skill level 5 in Fighting
  4837 | D:5      | Reached skill level 7 in Long Blades
  5084 | D:6      | Reached XP level 8. HP: 63/68 MP: 7/7
  5448 | D:6      | Reached skill level 8 in Long Blades
  6808 | D:7      | Reached skill level 9 in Long Blades
  6825 | D:7      | Found a staircase to the Ecumenical Temple.
  6832 | Temple   | Entered the Ecumenical Temple
  7001 | Temple   | Became a worshipper of Warmaster Okawaru
  7199 | D:4      | Bought a transparent scale mail for 297 gold pieces
  7199 | D:4      | Identified the +4 scale mail "Hewastro" {Rampage Slay+5}
                  | (You bought it in a shop on level 4 of the Dungeon)
  7324 | D:7      | Reached XP level 9. HP: 73/75 MP: 8/8
  7697 | D:8      | Found a sand-covered staircase.
  7764 | Ossuary  | Entered an ossuary
  8165 | D:8      | Reached skill level 1 in Stealth
  8253 | D:8      | Found a white marble altar of Elyvilon.
  8272 | D:8      | Reached * piety under Okawaru
  8334 | D:8      | Reached skill level 10 in Long Blades
  8596 | D:8      | Found a snail-covered altar of Cheibriados.
  8596 | D:8      | Found a stormy altar of Qazlal.
  8599 | D:8      | Found a radiant altar of Vehumet.
  8983 | D:9      | Noticed Joseph
  8995 | D:9      | Killed Joseph
  8998 | D:9      | Reached ** piety under Okawaru
  9105 | D:9      | Noticed a two-headed ogre
  9116 | D:9      | Killed a two-headed ogre
  9117 | D:9      | Reached skill level 11 in Long Blades
  9317 | D:9      | Noticed a cyclops
  9318 | D:9      | Reached XP level 10. HP: 76/88 MP: 9/9
  9330 | D:9      | Killed a cyclops
  9635 | D:9      | You fall into a shaft and drop 3 floors!
  9635 | D:12     | Noticed a gargoyle
  9663 | D:11     | Found an opulent altar of Gozag.
  9701 | D:11     | Noticed a gargoyle
  9747 | D:11     | Found a gate leading to a gauntlet.
  9761 | Gauntlet | Entered a Gauntlet
  9761 | Gauntlet | Found a transporter.
  9761 | Gauntlet | Found a transporter.
  9761 | Gauntlet | Found a transporter.
  9790 | Gauntlet | Found a transporter.
  9791 | Gauntlet | Found a transporter.
  9797 | Gauntlet | Found a transporter.
  9806 | Gauntlet | Found a transporter.
  9806 | Gauntlet | Found a transporter.
  9806 | Gauntlet | Found the amulet of the Four Winds {rN+ Will+++ Clar}
  9807 | Gauntlet | Found a transporter.
  9808 | Gauntlet | Noticed a large abomination
  9809 | Gauntlet | Found a transporter.
  9810 | Gauntlet | Noticed a glowing orange brain
  9812 | Gauntlet | Noticed a brown ugly thing
  9813 | Gauntlet | Found a runed translucent door.
  9813 | Gauntlet | Noticed a large abomination
  9815 | Gauntlet | Found a runed translucent door.
  9817 | Gauntlet | Found a transporter.
  9821 | Gauntlet | Found a transporter.
 10001 | Gauntlet | Reached skill level 12 in Long Blades
 10015 | Gauntlet | Reached *** piety under Okawaru
 10059 | Gauntlet | Killed a large abomination
 10483 | Gauntlet | Reached **** piety under Okawaru
 10496 | Gauntlet | Killed a large abomination
 10501 | Gauntlet | Reached skill level 13 in Long Blades
 10502 | Gauntlet | Identified the +2 chain mail of Gehenna {+Blink rElec rF+}
 10508 | Gauntlet | Reached XP level 11. HP: 74/97 MP: 10/10
 10601 | Gauntlet | Identified the +1 chain mail "Cirarph" {rElec rC+ Stlth+}
 10601 | Gauntlet | Identified the ring "Urphum Topt" {rElec rN++ Will+ Dex-5}
 10601 | Gauntlet | Noticed a minotaur
 10616 | Gauntlet | Slain by a minotaur

Illustrated notes

Levels and vault maps discovered:
D:1:      saegor_arrival_simple_c, layout_basic, serial_shops, shop, shop,
          shop_fountains, shapermc_ecumenical_altar_mp_urbaneastern
D:2:      layout_rooms, serial_shops, nicolae_shop_bloodbath_and_beyond,
          chequers_decorated_corner, minmay_pentomino_x4
D:3:      layout_basic, uniq_natasha, uniq_sigmund, uniq_robin
D:4:      layout_basic, gammafunk_temple_overflow_statue, serial_shops,
          kennysheep_mini, amcnicky_mini_corridor_feature
D:5:      layout_rooms, mainiacjoe_overflow_concentric_impassable
D:6:      layout_cave_pools
D:7:      layout_loops_ring, minmay_temple_entry_nine_rooms
D:8:      layout_rooms, grunt_temple_overflow_open, elyvilon_altar_4,
          gup_ossuary_entry_pyramid, nicolae_wwwww, blue_anna_alchemist
D:9:      layout_gridville, orc_david_3, uniq_joseph
D:11:     layout_basic, gauntlet_entry_generic,
          nicolae_gozag_conspicuous_consumption
D:12:     layout_rooms
Temple:   eino_narrow_crystal_temple
Gauntlet: minmay_gauntlet_mixed_big_or_small [gammafunk_gauntlet_arena_hedges,
          minmay_gauntlet_arena_77_p_blocks, nicolae_gauntlet_arena_quarters,
          minmay_gauntlet_arena_77_mirror, gammafunk_gauntlet_arena_chambers,
          minmay_gauntlet_arena_77_cramped,
          nicolae_gauntlet_exit_dead_adventurers]

Skill      XL: |  1  2  3  4  5  6  7  8  9 10 |
---------------+-------------------------------+-----
Fighting       | 4 5 6 7 9 |  9.2
Armour         | 4 5 6 7 8 9 |  9.9
Shields        | 4 5 6 7 |  7.6
Long Blades    | 3 4 6 7 9 11 13 | 13.1
Dodging        | 1 2 3 4 |  4.9
Stealth        | 1 2 |  2.2
Invocations    | |  0.5
Evocations     | |  0.1

Action                   |  1- 3 |  4- 6 |  7- 9 | 10-12 || total
-------------------------+-------+-------+-------+-------++-------
Melee: Long sword        |    87 |   133 |   278 |       ||   498
       Headbutt          |    10 |    24 |    65 |    17 ||   116
       Falchion          |       |       |    39 |    97 ||   136
Invok: Heroism           |       |       |     1 |     5 ||     6
Evoke: Wand              |       |       |       |     1 ||     1
  Use: Scroll            |     2 |     7 |       |    10 ||    19
       Potion            |       |       |     1 |     6 ||     7
Armor: Scale mail        |    32 |    51 |   119 |    15 ||   217
Dodge: Dodged            |    43 |    64 |   164 |    35 ||   306
Block: Buckler           |    33 |    35 |    80 |    24 ||   172
